AoeStats
← anzunza2014

Arabia

507589836Analyzed
1v1 RM · 12d ago on Sep 18, 2026· 29m 1s· 2 players
Game mode
Random Map
Map size
Tiny (2 player)
Population
200
Speed
Normal
Resources
Standard
Victory
Conquest
Starting age
Dark Age
Ending age
Imperial Age
RankedLock teamsTeams togetherTeam positionsShared explorationLock speedFull tech treeHidden civsTurbo modeCheats
Victory
Defeat
🇹🇷 Franks · Türkiye
979
+16
🇺🇸 Huns · United States
973
-16
anzunza2014
4:33 Loom
11:48 Feudal Age
12:30 Double-Bit Axe
19:19 Castle Age
17:25 Horse Collar
19:05 Forging
18:46 Fletching
18:54 Town Watch
20:43 Padded Archer Armor
21:05 Gold Mining
22:29 Bodkin Arrow
25:06 Leather Archer Armor
26:30 Bow Saw
26:53 Pikeman
maestro_006
6:28 Loom
9:33 Feudal Age
10:03 Double-Bit Axe
21:03 Castle Age
19:08 Fletching
19:56 Scale Barding Armor
20:38 Forging
22:11 Chain Barding Armor
22:05 Crossbowman
23:20 Husbandry
22:57 Elite Skirmisher
26:24 Padded Archer Armor
28:54 Light Cavalry
Connection lost

Rejoining the realm…

Still unreachable

The connection could not be restored.

Session expired

The server has moved on; the page needs a fresh start.